 Dungeon Crawl Stone Soup version 0.30-a0-782-ge64f9170bb (webtiles) character file.

Game seed: 18363402296123751246

12760 Smoke131 the Covert (level 11, -5/54 HPs)
             Began as a Vampire Enchanter on Feb 18, 2023.
             Was a Priest of Makhleb.
             Killed from afar by an acid dragon (29 damage)
             ... with a splash of acid
             ... on level 9 of the Dungeon.
             The game lasted 00:35:06 (9189 turns).

Smoke131 the Covert (Vampire Enchanter)             Turns: 9189, Time: 00:35:06

Health: -5/54      AC:  3    Str:  7    XL:     11   Next: 66%
Magic:  14/18      EV: 17    Int: 25    God:    Makhleb [***...]
Gold:   514        SH:  0    Dex: 18    Spells: 12/20 levels left

rFire   . . .      SeeInvis +    e - +2 rapier (speed)
rCold   + + .      Faith    .    (no shield)
rNeg    + + +      Spirit   .    b - +1 robe
rPois   ∞          Reflect  .    (no helmet)
rElec   .          Harm     .    (no cloak)
rCorr   .          Rampage  .    (no gloves)
Will    +....                    (no boots)
Stlth   +++++++                  (no amulet)
HPRegen 0.00/turn                v - +6 ring of intelligence
MPRegen 0.16/turn                (no ring)

@: bloodless, inhibited regen, invisible
A: bloodless, fangs 3, see invisible, vampiric 2
a: Bat Form, Revivify, Renounce Religion, Minor Destruction, Lesser Servant of
Makhleb


You were on level 9 of the Dungeon.
You worshipped Makhleb.
Makhleb was most pleased with you.
You visited 2 branches of the dungeon, and saw 10 of its levels.
You also visited: Bailey.

You collected 514 gold pieces.

Inventory:

Hand Weapons
 e - a +2 rapier of speed (weapon)
Missiles
 o - 27 poisoned darts (quivered)
 p - 5 throwing nets
Armour
 b - a +1 robe (worn)
Jewellery
 v - a +6 ring of intelligence (left hand)
Wands
 g - a wand of flame (8)
 m - a wand of digging (4)
 n - a wand of iceblast (8)
Scrolls
 d - a scroll of enchant armour
 i - 2 scrolls of teleportation
 l - a scroll of enchant weapon
 y - a scroll of fog
 A - a scroll of amnesia
Potions
 a - a potion of cancellation {unknown}
 h - 2 potions of might
 j - 2 potions of brilliance
 q - 9 potions of curing
 r - 2 potions of resistance
 s - 2 potions of mutation
 u - a potion of berserk rage {unknown}
 w - a potion of haste {unknown}
 z - a potion of heal wounds {unknown}


   Skills:
 + Level 8.3 Short Blades
 + Level 8.6 Dodging
 - Level 10.0 Stealth
 - Level 5.0 Spellcasting
 - Level 10.0 Hexes
 + Level 7.3 Ice Magic
 + Level 8.1 Invocations


You had 12 spell levels left.
You knew the following spells:

 Your Spells              Type           Power      Damage    Failure   Level
a - Ensorcelled Hibernat  Hex/Ice        98%        N/A       1%          2
b - Confusing Touch       Hex            54%        N/A       1%          3
c - Tukima's Dance        Hex            54%        N/A       1%          3

Your spell library contained the following spells:

 Spells                   Type           Power      Damage    Failure   Level
 Dazzling Flash           Conj/Hex       62%        N/A       3%          3
 Inner Flame              Hex/Fire       31%        N/A       3%          3
 Magic Dart               Conj           24%        1d4       9%          1
 Necrotise                Necr           24%        1d5       9%          1
 Fulminant Prism          Conj/Hex       15%        3d11      11%         4
 Call Imp                 Summ           6%         N/A       12%         2
 Scorch                   Fire           12%        2d5       12%         2
 Sublimation of Blood     Necr           6%         N/A       12%         2
 Wereblood                Tmut           6%         N/A       12%         2
 Kindle Blastsparks       Fire/Tloc/Air  12%        2d11      24%         3
 Mephitic Cloud           Conj/Pois/Air  6%         N/A       24%         3
 Vampiric Draining        Necr           6%         2d6       24%         3
 Animate Dead             Necr           6%         N/A       63%         4
 Flame Wave               Conj/Fire      6%         2d5       63%         4
 Iskenderun's Mystic Bla  Conj/Tloc      6%         2d4       63%         4
 Summon Lightning Spire   Summ/Air       6%         N/A       63%         4
 Freezing Cloud           Conj/Ice/Air   9%         6-21      63%         5
 Agony                    Necr           6%         N/A       92%         5
 Borgnjor's Vile Clutch   Necr/Erth      3%         N/A       92%         5
 Lee's Rapid Deconstruct  Erth           3%         3d5*      92%         5
 Simulacrum               Ice/Necr       12%        N/A       95%         6
 Death Channel            Necr           3%         N/A       100%        6
 Summon Cactus Giant      Summ           3%         N/A       100%        6
 Summon Hydra             Summ           3%         N/A       100%        7
 Summon Horrible Things   Summ           3%         N/A       100%        8
 Polar Vortex             Ice            21%        N/A       100%        9


Dungeon Overview and Level Annotations

Branches:
Dungeon (9/15)             Temple (1/1) D:5          Bailey (visited)
   Lair: D:8-11         Orc: D:9-12

Altars:
Ashenzari
Dithmenos
Gozag
Hepliaklqana
Makhleb
Nemelex Xobeh
Okawaru
Qazlal
Ru
Sif Muna
Vehumet
Xom

Annotations:
D:9 1 transporter, Iich's ghost, novice HOFi


Innate Abilities, Weirdness & Mutations

You do not regenerate when monsters are visible.
You are frail without blood (-20% HP).
You can heal yourself when you bite living creatures.
You are immune to poison.
You have razor-sharp teeth.
You have supernaturally acute eyesight. (SInv)
You are afflicted with vampirism and can become a bat while bloodless.


Message History

Done exploring.
There is an open door here.
There is an open door here.
You see here a +0 shortbow.
There is a stone staircase leading down here.
You climb downwards.
Found 2 potions of curing.
There is a stone staircase leading up here.
Okay, then.
Okay, then.
q - 9 potions of curing (gained 2)
A centaur comes into view.
Found a gilded ring.
Found a smoky clear potion.
Found a transporter.
An acid dragon comes into view.
Iich's ghost turns its malevolent gaze towards you.
The centaur shouts!
The two-headed ogre shouts in stereo!
You hear two shouts!
The centaur wields a +0 shortbow.
The centaur shoots an arrow.
The arrow hits you!
The centaur shoots an arrow.
The arrow completely misses you.
The centaur shoots an arrow.
The arrow hits you!
The centaur shoots an arrow.
The arrow hits you.
Casting: Ensorcelled Hibernation (safe; 1% risk of failure)
Confirm with . or Enter, or press ? or * to list all spells.
Aiming: Ensorcelled Hibernation (safe; 1% risk of failure)
Press: ? - help, Shift-Dir - straight line, f - centaur
Aim: a centaur, wielding a +0 shortbow (chance to affect: 71%)
The centaur struggles to resist.
The centaur shoots an arrow.
The arrow hits you!
Casting: Ensorcelled Hibernation (safe; 1% risk of failure)
Confirm with . or Enter, or press ? or * to list all spells.
Aiming: Ensorcelled Hibernation (safe; 1% risk of failure)
Press: ? - help, Shift-Dir - straight line, f/p - centaur
Aim: a centaur, wielding a +0 shortbow (chance to affect: 71%)
The centaur looks drowsy...
You fade into invisibility!
The acid dragon spits acid at you. The splash of acid hits you!!
Ouch! That really hurt!
You die...

#.............#.....#
#.............#.....#
#.............#.....#
#............)#.....#
#.............#D....#
#..........#..#...#
#..........#....#######
#..........#....#......
#..........#@...#W.##.
#.....########.c#O#..#
#.........# ....#O# .#
#.........#....©#$.#
#.<.......#.....#O...
###########....©#!.##.
.....c#.#.. .
.......#.#..


You could see 3 two-headed ogres, an acid dragon (unable to see you, catching
breath), a centaur (asleep) and Iich's ghost (unable to see you).

Vanquished Creatures
  A two-headed ogre (D:8)
  An orc high priest (Bailey)
  An orc knight (Bailey)
  A kobold demonologist (Bailey)
  A hornet (D:8)
  Sigmund (D:7)
  3 yaks (D:8)
  Edmund (D:7)
  A sky beast (D:7)
  10 orc warriors
  2 black bears
  An ogre (D:6)
  2 centaurs (D:8)
  2 phantoms (D:5)
  A kobold brigand (D:7)
  Blork the orc (D:4)
  3 bullfrogs
  A gnoll sergeant (D:6)
  3 scorpions
  7 killer bees
  4 electric eels (Bailey)
  2 jellies
  3 gnoll boudas
  3 hounds
  4 orc priests
  4 iguanas
  3 orc wizards (D:8)
  A mummy (D:4)
  22 gnolls
  9 adders
  3 white imps
  An ufetubus (D:5)
  A dart slug (D:5)
  31 orcs
  5 ball pythons
  5 bats
  4 endoplasms
  A giant cockroach (D:3)
  17 hobgoblins
  13 kobolds
  3 quokkas
  6 frilled lizards
  14 goblins
  2 hobgoblin zombies (D:4)
  A kobold zombie (D:4)
  An orc zombie (D:4)
  5 rats
212 creatures vanquished.

Vanquished Creatures (others)
  3 plants (D:7)
3 creatures vanquished.

Grand Total: 215 creatures vanquished

Notes
Turn   | Place    | Note
-------+----------+-------------------------------------------
     0 | D:1      | Smoke131 the Vampire Enchanter began the quest for the Orb.
     0 | D:1      | Reached XP level 1. HP: 13/13 MP: 3/3
   193 | D:1      | Reached XP level 2. HP: 15/15 MP: 5/5
   557 | D:1      | Learned a level 2 spell: Ensorcelled Hibernation
   718 | D:2      | Gained mutation: You are afflicted with vampirism and can
                  | become a bat while bloodless. [Vampire growth]
   718 | D:2      | Reached XP level 3. HP: 19/19 MP: 6/6
   771 | D:2      | Reached skill level 5 in Stealth
  1200 | D:2      | Reached skill level 5 in Hexes
  1382 | D:3      | Reached XP level 4. HP: 24/24 MP: 7/7
  1696 | D:3      | Reached skill level 1 in Ice Magic
  2151 | D:4      | Noticed Blork the orc
  2152 | D:4      | Killed Blork the orc
  2153 | D:4      | Reached XP level 5. HP: 28/28 MP: 7/9
  2252 | D:3      | Learned a level 3 spell: Confusing Touch
  2256 | D:3      | Learned a level 3 spell: Tukima's Dance
  2378 | D:4      | Noticed a black bear
  2477 | D:4      | Killed a black bear
  2478 | D:4      | Reached XP level 6. HP: 32/32 MP: 7/10
  2523 | D:4      | Got the Handbook of Causality
  3321 | D:5      | Entered Level 5 of the Dungeon
  3358 | D:5      | Reached XP level 7. HP: 8/36 MP: 9/12
  3489 | D:5      | Found a staircase to the Ecumenical Temple.
  3537 | Temple   | Entered the Ecumenical Temple
  3554 | Temple   | Became a worshipper of Makhleb the Destroyer
  3573 | D:5      | Found a hazy altar of Hepliaklqana.
  3855 | D:5      | Found a sacrificial altar of Ru.
  4399 | D:5      | Reached XP level 8. HP: 41/41 MP: 10/13
  4686 | D:5      | Reached * piety under Makhleb
  4861 | D:6      | Found a sparkling altar of Nemelex Xobeh.
  5217 | D:6      | Reached skill level 5 in Dodging
  5455 | D:6      | Found an opulent altar of Gozag.
  5786 | D:7      | Noticed Edmund
  5795 | D:7      | Killed Edmund
  5796 | D:7      | Reached skill level 5 in Short Blades
  5799 | D:7      | Noticed Sigmund
  5810 | D:7      | Killed Sigmund
  5902 | D:7      | Reached XP level 9. HP: 31/45 MP: 9/16
  5933 | D:7      | Found an iron altar of Okawaru.
  6795 | D:7      | Found a stormy altar of Qazlal.
  6843 | D:8      | Reached skill level 5 in Spellcasting
  6944 | D:8      | Reached skill level 5 in Ice Magic
  6949 | D:8      | Found a flagged portal.
  7043 | Bailey   | Entered a bailey
  7063 | Bailey   | Reached ** piety under Makhleb
  7156 | Bailey   | HP: 1/45 [orc warrior/+0 war axe (11)]
  7419 | Bailey   | Reached skill level 10 in Stealth
  7501 | Bailey   | Noticed an orc high priest
  7546 | Bailey   | Noticed an orc knight
  7556 | Bailey   | Killed an orc knight
  7594 | Bailey   | Reached XP level 10. HP: 41/50 MP: 14/17
  7646 | Bailey   | Reached skill level 10 in Hexes
  7804 | Bailey   | Found an iron altar of Okawaru.
  7851 | Bailey   | Noticed a rust devil
  7875 | Bailey   | Killed an orc high priest
  8495 | D:8      | Noticed a two-headed ogre
  8502 | D:8      | Killed a two-headed ogre
  8504 | D:8      | Reached *** piety under Makhleb
  9115 | D:8      | Reached XP level 11. HP: 54/54 MP: 18/18
  9116 | D:8      | Acquired a +2 rapier of speed
  9178 | D:9      | Noticed Iich's ghost (novice HOFi)
  9179 | D:9      | Found a transporter.
  9181 | D:9      | Identified the +7 giant club "Muhoidd" {flame, Drain Will+
                  | Str+4 Dex+2}
  9181 | D:9      | Identified the +7 giant club "Concordance" {holy, +Blink
                  | Will+ Str+6 Stlth+}
  9181 | D:9      | Noticed a two-headed ogre
  9181 | D:9      | Noticed a two-headed ogre
  9181 | D:9      | Noticed a two-headed ogre
  9189 | D:9      | Killed from afar by an acid dragon

Illustrated notes

Levels and vault maps discovered:
D:1:      saegor_arrival_simple_e, layout_rooms, interstate_on_off,
          minmay_distorted
D:2:      layout_basic, dreamdust_mushroom_princess
D:3:      layout_basic, grunt_ministairs_11, lemuel_flame_loot_1
D:4:      nicolae_cairo_tiling_large_dashed, layout_loops_ring,
          minmay_mini_ossuary, uniq_blork_the_orc
D:5:      layout_cave_pools, lemuel_tele_altar,
          mainiacjoe_overflow_concentric_impassable,
          minmay_temple_entry_offerings
D:6:      layout_rooms, grunt_gozag_breadcrumbs,
          nemelex_xobeh_ov_fountains_minmay, kennysheep_minor_cross,
          hangedman_decor_diamond_cutter
D:7:      layout_basic, okawaru_trees_1, nicolae_qazlal_eye_of_the_storm,
          nicolae_ossuary_entry_ruins, sigmund_edmund_badplayer
D:8:      layout_loops_corners, enter_bailey_8, serial_aquarium,
          aquarium_bridge_straight [aquarium_subvault_bridge,
          aquarium_subvault_wall, aquarium_subvault_bridge,
          aquarium_subvault_window], aquarium_window_fake, aquarium_window_1,
          aquarium_view_2b
D:9:      layout_grid_maze, mainiacjoe_overflow_large_starburst,
          dpeg_lair_monsters, gammafunk_ghost_smash
Temple:   hellmonk_temple_forest_ring

Skill      XL: |  1  2  3  4  5  6  7  8  9 10 |
---------------+-------------------------------+-----
Stealth        | 5 6 7 8 10 | 10.0
Short Blades   | 2 3 4 5 6 8 |  8.3
Hexes          | 5 6 8 9 10 | 10.0
Ice Magic      | 1 2 3 4 5 7 |  7.3
Dodging        | 3 4 5 7 8 |  8.6
Spellcasting   | 3 4 5 |  5.0
Invocations    | 8 |  8.1

Action                     |  1- 3 |  4- 6 |  7- 9 | 10-12 || total
---------------------------+-------+-------+-------+-------++-------
  Melee: Dagger            |    84 |   134 |   221 |    77 ||   516
         Bite              |    10 |    10 |    30 |     4 ||    54
         Punch             |       |     2 |     1 |     4 ||     7
   Cast: Ensorcelled Hiber |     4 |    14 |    66 |    22 ||   106
         Confusing Touch   |       |     2 |     2 |       ||     4
Ability: Exsanguinate      |     1 |       |       |       ||     1
  Evoke: Wand              |       |       |     2 |     4 ||     6
    Use: Scroll            |       |     8 |     8 |     4 ||    20
         Potion            |       |     1 |       |     3 ||     4
   Stab: Sleeping          |    14 |    22 |    62 |    20 ||   118
         Confused          |       |     3 |     1 |       ||     4
         Distracted        |       |       |     1 |       ||     1
 Armour: Robe              |    12 |    20 |    27 |     3 ||    62
  Dodge: Dodged            |    37 |    94 |   188 |    40 ||   359

Table legend: (Time is in decaauts)
 A = Elapsed time spent in this place.
 B = Non-inter-level travel time spent in this place.
 C = Inter-level travel time spent in this place.
 D = Time resting spent in this place.
 E = Time spent auto-exploring this place.
 F = Levels seen in this place.
 G = Mean time per level.
                   A        B        C        D        E       F      G
               +--------+--------+--------+--------+--------+-----+--------+
         Total |   9100 |   8812 |    288 |   1177 |   4526 |  11 |  827.3 |
       Dungeon |   8002 |   7724 |    278 |    838 |   4367 |   9 |  889.1 |
        Temple |     28 |     18 |     10 |      0 |     10 |   1 |   28.0 |
        Bailey |   1069 |   1069 |      0 |    339 |    149 |   1 | 1069.0 |
               +--------+--------+--------+--------+--------+-----+--------+

Top non-repeatable levels by time:
     D:7: 1210 daAuts
     D:5: 1205 daAuts
     D:8: 1203 daAuts
     D:4: 1159 daAuts
  Bailey: 1069 daAuts
     D:3: 987 daAuts
     D:6: 821 daAuts
     D:2: 821 daAuts
     D:1: 555 daAuts
     D:9: 37 daAuts
  Temple: 28 daAuts
